 Dungeon Crawl Stone Soup version 0.31-a0-152-g6aa68a64a1 (webtiles) character file.

Game seed: 1398624473359380330

350 qw the Shooter (level 6, -1/38 HPs)
             Began as a Gargoyle Hunter on June 10, 2023.
             Slain by an orc
             ... wielding a +0 mace
              (7 damage)
             ... on level 4 of the Dungeon.
             The game lasted 00:00:57 (2179 turns).

qw the Shooter (Gargoyle Hunter)                    Turns: 2179, Time: 00:00:58

Health: -1/38      AC: 11    Str: 19    XL:     6   Next: 60%
Magic:  6/6        EV: 11    Int:  5    God:
Gold:   180        SH:  0    Dex: 15    Spells: 5/5 levels left

rFire   . . .        Y - +0 shortbow
rCold   + + +        (shield currently unavailable)
rNeg    + . .        m - +0 ring mail of Resonance {rElec rC+++ Str+4 Int-4}
rPois   inf          c - +0 helmet
rElec   +            (no cloak)
rCorr   .            (no gloves)
SInv    .            j - +0 pair of boots
Will    .....        i - amulet of regeneration
Stlth   +            (no ring)
HPRegen 1.06/turn    (no ring)
MPRegen 0.10/turn

%: no passive effects
@: no status effects
A: sickness immunity, AC +4, negative energy resistance 1, electricity
resistance, torment resistance 1, petrification resistance
a: no special abilities


You were on level 4 of the Dungeon.
You visited 1 branch of the dungeon, and saw 4 of its levels.

You collected 180 gold pieces.


Innate Abilities, Weirdness & Mutations

You are immune to sickness and miasma.
Your stone body is resilient. (AC +4)
You are immune to poison.
You resist negative energy. (rN+)
You are resistant to electric shocks. (rElec)
You are resistant to unholy torment.
You are immune to petrification.


   Skills:
 - Level 4.0 Fighting
 + Level 6.8 Ranged Weapons
 - Level 1.3 Armour
 - Level 1.5 Dodging
 - Level 1.1 Stealth


You had 5 spell levels left.
You didn't know any spells.
Your spell library was empty.

Inventory:

Hand Weapons
 Y - a +0 shortbow (weapon)
Armour
 c - a +0 helmet (worn)
 j - a +0 pair of boots (worn)
 m - the +0 ring mail of Resonance (worn) {rElec rC+++ Str+4 Int-4}
   (You found it on level 2 of the Dungeon)

   Str:       It affects your strength (+4).
   Int:       It affects your intelligence (-4).
   rC:        It renders you almost immune to cold.
   rElec:     It insulates you from electricity.
Jewellery
 i - an amulet of regeneration (around neck)
Scrolls
 a - 4 scrolls of identify
Potions
 b - a potion of lignification
 e - a potion of haste
 g - 3 potions of curing
 k - a potion of attraction

Dungeon Overview and Level Annotations

Branches:
Dungeon (4/15)
 Temple: D:4-7

Altars:
Hepliaklqana


Message History

The arrow hits the orc but does no damage.
The orc priest looks braver for a moment.
The orc misses you.
You shoot an arrow. The arrow hits the orc priest.
The orc priest is heavily wounded.
The orc hits you with a +0 mace!
The orc priest looks encouraged for a moment.
The orc priest invokes the aid of Beogh against you.
Beogh smites you!
You shoot an arrow.
The arrow hits the orc priest but does no damage.
The orc priest is heavily wounded.
The orc priest invokes the aid of Beogh against you.
You barely resist. The orc hits you with a +0 mace.
You shoot an arrow.
The arrow closely misses the orc priest.
The orc priest hits you with a +0 morningstar!
The orc closely misses you.
You shoot an arrow.
The arrow closely misses the orc priest.
The orc priest barely misses you. The orc hits you with a +0 mace.
You shoot an arrow. The arrow hits the orc priest.
The orc priest is severely wounded.
The orc priest looks encouraged for a moment.
The orc priest invokes the aid of Beogh against you.
Pain shoots through your body!
You shoot an arrow.
The arrow hits the orc priest but does no damage.
The orc priest is severely wounded.
The orc priest invokes the aid of Beogh against you.
Pain shoots through your body!
You shoot an arrow. The arrow hits the orc priest!
You kill the orc priest!
You shoot an arrow. The arrow barely misses the orc.
The orc barely misses you. The orc completely misses you.
The orc closely misses you. The orc hits you but does no damage.
You shoot an arrow.
The arrow hits the orc but does no damage.
The orc hits you with a +0 mace!
You die...

#.........## ...
+.........'. ...
#.........## #.#
##.......## ..#
##.....## #o#
##...## #o# ##'##
#o####### #.#
#@o.....# #.# ####
#.......###.###...
#.......##...##...
#...............).
#.<.....##...##.##
#.......###.### ##
#.......# #.#
######### #.# #.#


You could see an orc priest and 3 orcs.

Vanquished Creatures
  A phantom (D:3)
  A jelly (D:3)
  An orc priest (D:4)
  Jessica (D:2)
  Natasha (thrice) (D:3)
  Robin (D:3)
  3 adders
  2 dart slugs
  An orc (D:3)
  11 ball pythons
  4 endoplasms
  A giant cockroach (D:2)
  9 goblins
  10 hobgoblins
  3 jackals (D:1)
  5 kobolds
  2 quokkas (D:1)
  4 bats
  4 frilled lizards
  5 rats
72 creatures vanquished.

Notes
Turn   | Place    | Note
-------+----------+-------------------------------------------
     0 | D:1      | qw the Gargoyle Hunter began the quest for the Orb.
     0 | D:1      | Reached XP level 1. HP: 12/12 MP: 1/1
     0 | D:1      | 0 ||| qw: Version: 0.2-a-123-gb51047a
     0 | D:1      | 0 ||| qw: Game counter: 3696
     0 | D:1      | 0 ||| qw: Always use a shield: true
     0 | D:1      | 0 ||| qw: God list: Okawaru
     0 | D:1      | 0 ||| qw: Allow faded altars: false
     0 | D:1      | 0 ||| qw: Do Orc after D:15 true
     0 | D:1      | 0 ||| qw: Do second Lair branch before Depths: true
     0 | D:1      | 0 ||| qw: Lair rune preference: random
     0 | D:1      | 0 ||| qw: Plans: Normal, Zot:1-4, Slime:5, God:TSO, Crypt,
                  | Tomb, Abyss, Pan, Hells, Win
     0 | D:1      | 0 ||| PLANNING D:1-11
    35 | D:1      | Reached XP level 2. HP: 17/17 MP: 2/2
   450 | D:1      | Reached XP level 3. HP: 21/21 MP: 3/3
   481 | D:1      | Reached skill level 5 in Ranged Weapons
   616 | D:1      | 616 ||| UPGRADING to +0 ring mail.
   626 | D:1      | 626 ||| DROPPING +0 leather armour.
   627 | D:1      | 627 ||| UPGRADING to amulet of regeneration.
   632 | D:1      | 632 ||| DROPPING +6 ring of intelligence.
   633 | D:1      | 633 ||| READING 4 scrolls labelled ALUAMIEBBI.
   634 | D:1      | 634 ||| DRINKING 3 lumpy sapphire potions.
   635 | D:1      | 635 ||| READING 3 scrolls of identify.
   635 | D:1      | 635 ||| IDENTIFYING orange potion
   636 | D:1      | 636 ||| DROPPING scroll of butterflies.
   710 | D:2      | Reached skill level 1 in Armour
   923 | D:2      | Reached skill level 3 in Fighting
   923 | D:2      | Reached XP level 4. HP: 28/28 MP: 4/4
   927 | D:2      | Noticed Jessica
   930 | D:2      | Killed Jessica
  1213 | D:2      | Identified the +0 ring mail of Resonance {rElec rC+++ Str+4
                  | Int-4}
  1233 | D:2      | 1233 ||| UPGRADING to +0 pair of boots.
  1238 | D:2      | 1238 ||| UPGRADING to +0 ring mail of Resonance {rElec
                  | rC+++ Str+4 Int-4}.
  1248 | D:2      | 1248 ||| DROPPING +0 ring mail.
  1249 | D:2      | 1249 ||| READING 2 scrolls labelled NORICZ NIULAN.
  1250 | D:2      | 1250 ||| READING scroll labelled XIEXTO FECE.
  1255 | D:2      | 1255 ||| READING scroll labelled FOWNOV KIPHOTATI.
  1256 | D:2      | 1256 ||| READING 6 scrolls of identify.
  1256 | D:2      | 1256 ||| IDENTIFYING glowing golden potion
  1257 | D:2      | 1257 ||| READING 5 scrolls of identify.
  1257 | D:2      | 1257 ||| IDENTIFYING metallic emerald potion
  1258 | D:2      | 1258 ||| READING 4 scrolls of identify.
  1258 | D:2      | 1258 ||| IDENTIFYING puce potion
  1259 | D:2      | 1259 ||| DROPPING potion of brilliance.
  1260 | D:2      | 1260 ||| DROPPING scroll of poison.
  1291 | D:3      | 1291 ||| DROPPING +0 sling of freezing.
  1303 | D:3      | Noticed a phantom
  1314 | D:3      | Killed a phantom
  1315 | D:3      | Reached skill level 6 in Ranged Weapons
  1315 | D:3      | Reached XP level 5. HP: 26/32 MP: 5/5
  1418 | D:3      | Found a hazy altar of Hepliaklqana.
  1504 | D:3      | Noticed Natasha
  1511 | D:3      | Killed Natasha
  1512 | D:3      | Reached XP level 6. HP: 38/38 MP: 6/6
  1518 | D:3      | Noticed Natasha
  1523 | D:3      | Killed Natasha
  1532 | D:3      | Noticed Robin
  1539 | D:3      | Killed Robin
  1604 | D:3      | Found a faded altar of an unknown god.
  1777 | D:3      | Noticed Natasha
  1787 | D:3      | Killed Natasha
  2049 | D:3      | 2049 ||| UPGRADING to +0 helmet.
  2173 | D:4      | HP: 8/38 [orc priest/+0 morningstar (9)]
  2176 | D:4      | HP: 2/38 [orc priest/nerve-wracking pain (6)]
  2179 | D:4      | Slain by an orc

Levels and vault maps discovered:
D:1:      dpeg_arrival_pond, layout_loops_ring
D:2:      layout_basic, uniq_jessica
D:3:      layout_basic, mainiacjoe_overflow_tiny_flanked,
          shapermc_ecumenical_altar_rom_forum, serial_glass, glass_columns_c,
          glass_columns_a, grunt_decor_cap, uniq_robin, uniq_natasha,
          uniq_crazy_yiuf_cottage
D:4:      layout_loops_corners, uniq_blork_the_orc, uniq_menkaure

Skill      XL: |  1  2  3  4  5 |
---------------+----------------+-----
Ranged Weapons | 5 6 |  6.8
Armour         | 1 |  1.3
Fighting       | 3 4 |  4.0
Dodging        | |  1.5
Stealth        | |  1.1

Action                     |  1- 3 |  4- 6 || total
---------------------------+-------+-------++-------
   Fire: Shortbow          |   111 |   126 ||   237
    Use: Scroll            |     2 |     6 ||     8
         Potion            |     1 |       ||     1
 Armour: Leather armour    |    12 |       ||    12
         Ring mail         |     9 |    24 ||    33
  Dodge: Dodged            |    35 |    31 ||    66

Table legend:
 A = Non-vault XP
 B = Vault XP
 C = Vault XP percentage of total XP
 D = Non-vault monster count
 E = Vault monster count
 F = Vault count percentage of total count
                 A         B        C        D         E       F
            +---------+---------+-------+---------+---------+-------
      Total |     396 |     104 |  20.8 |      61 |      11 |  15.3
            +---------+---------+-------+---------+---------+-------
        D:1 |      42 |       0 |   0.0 |      25 |       0 |   0.0
        D:2 |      64 |      37 |  36.6 |      23 |       1 |   4.2
        D:3 |     233 |      65 |  21.8 |      11 |       9 |  45.0
        D:4 |      57 |       2 |   3.4 |       2 |       1 |  33.3
            +---------+---------+-------+---------+---------+-------
